 Dungeon Crawl Stone Soup version 0.30.1-11-g7821555f0a (webtiles) character file.

Game seed: 18139705950763275919

2424 DoomSlayer the Chopper (level 10, -16/81 HPs)
             Began as a Meteoran Fighter on Dec 3, 2023.
             Was an Initiate of Ru.
             Demolished by a two-headed ogre
             ... wielding a +0 giant club
              (22 damage)
             ... on level 10 of the Dungeon.
             The game lasted 00:17:59 (3752 turns).

DoomSlayer the Chopper (Meteoran Fighter)           Turns: 3752, Time: 00:18:01

Health: -16/81     AC:  7    Str: 17    XL:     10   Next: 5%
Magic:  7/7        EV: 12    Int: 15    God:    Ru [......]
Gold:   344        SH:  0    Dex: 23    Spells: 8/15 levels left

rFire   . . .        u - +9 executioner's axe "Kabasm" {drain, rPois Int+2}
rCold   + + .        (shield currently unavailable)
rNeg    . . .        b - +0 scale mail
rPois   +            (no helmet)
rElec   .            (no cloak)
rCorr   .            (no gloves)
SInv    +            (no boots)
Will    +....        k - amulet of regeneration
Stlth   +            i - ring of protection from cold
HPRegen 1.13/turn    B - ring of Midnight {rPois rC+ MP-9 Dex+7 SInv}
MPRegen 0.10/turn

%: no passive effects
@: glowing
A: sense surroundings 2, otherworldly, glowing, explore regen
a: Renounce Religion


You were on level 10 of the Dungeon.
You worshipped Ru.
Ru was noncommittal.
You visited 2 branches of the dungeon, and saw 9 of its levels.

You collected 344 gold pieces.

Inventory:

Hand Weapons
 a - a +0 war axe
 u - the +9 executioner's axe "Kabasm" (weapon) {drain, rPois Int+2}
   (You acquired it on level 4 of the Dungeon)

   Int:       It affects your intelligence (+2).
   rPois:     It protects you from poison.
Missiles
 z - 3 curare-tipped darts (quivered)
 D - 5 javelins
 G - 2 boomerangs
Armour
 b - a +0 scale mail (worn)
 c - a +0 buckler
Jewellery
 i - a ring of protection from cold (left hand)
 k - an amulet of regeneration (around neck)
 t - an amulet of guardian spirit
 B - the ring of Midnight (right hand) {rPois rC+ MP-9 Dex+7 SInv}
   (You acquired it on level 4 of the Dungeon)

   [ring of see invisible]

   Dex:       It affects your dexterity (+7).
   rC:        It protects you from cold.
   rPois:     It protects you from poison.
   MP:        It affects your magic capacity (-9).
   SInv:      It lets you see invisible.
Wands
 y - a wand of paralysis (7)
Scrolls
 e - a scroll of blinking {unknown}
 o - 3 scrolls of poison
 p - a scroll of teleportation
 s - a scroll of amnesia {unknown}
 v - 3 scrolls of fog {unknown}
 E - a scroll of enchant weapon {unknown}
Potions
 d - a potion of brilliance {unknown}
 h - a potion of heal wounds {unknown}
 j - a potion of lignification {unknown}
 l - 5 potions of flight
 n - a potion of ambrosia {unknown}
 q - a potion of mutation {unknown}
 r - 5 potions of curing
 w - a potion of attraction {unknown}
 x - a potion of magic {unknown}
 A - a potion of degeneration {unknown}
 C - a potion of cancellation {unknown}
 F - a potion of berserk rage {unknown}


   Skills:
 * Level 5.3 Fighting
 * Level 7.9 Axes
 * Level 3.1 Throwing
 * Level 5.6 Armour
 * Level 3.5 Dodging
 * Level 2.5 Stealth
 * Level 5.3 Shields
 * Level 3.3 Spellcasting
 * Level 3.3 Conjurations
 * Level 2.5 Necromancy
 * Level 2.8 Transmutations
 * Level 2.8 Fire Magic
 * Level 2.8 Evocations


You had 8 spell levels left.
You knew the following spells:

 Your Spells              Type           Power      Damage    Failure   Level
a - Foxfire               Conj/Fire      44%        2x1d6     17%         1
b - Wereblood             Tmut           10%        N/A       28%         2
c - Animate Dead          Necr           10%        N/A       91%         4

Your spell library contained the following spells:

 Spells                   Type           Power      Damage    Failure   Level
 Sublimation of Blood     Necr           10%        N/A       32%         2
 Fireball                 Conj/Fire      5%         3d5       99%         5
 Plasma Beam              Fire/Air       3%         2x1d14    100%        6
 Starburst                Conj/Fire      5%         6d4       100%        6
 Haunt                    Necr/Summ      3%         N/A       100%        7
 Summon Hydra             Summ           1%         N/A       100%        7
 Infestation              Necr           5%         N/A       100%        8


Dungeon Overview and Level Annotations

Branches:
Dungeon (7/15) Zot: 1206   Temple (1/1) D:4 Zot: 267

Altars:
Ashenzari
Dithmenos
Elyvilon
Gozag
Hepliaklqana
Makhleb
Nemelex Xobeh
Ru
Vehumet
Wu Jian
Xom
Yredelemnul
Zin

Annotations:
D:7 Tankapatomus's ghost, novice MiFi


Innate Abilities, Weirdness & Mutations

You passively map the area around you.
You are easily found by Zot.
You glow in the dark.
You regain HP and MP as you explore.


Message History

You hear the roar of battle.
There is an entrance to a bailey on this level.
Hurry and find it before the portal closes forever!
Found 22 gold pieces, 6 poisoned darts, a quarterstaff and a ring mail.
You now have 344 gold pieces (gained 22).
Found 3 poisoned darts.
A shadow comes into view.
The shadow hits you!
The shadow slips into darkness.
The shadow flickers and vanishes for a moment.
The shadow closely misses you. The shadow attacks as you move away!
The shadow closely misses you. The shadow hits you!
You slash the shadow!
The shadow is heavily damaged.
The shadow hits you.
You slash the shadow!
You destroy the shadow!
You have reached level 10!
You hear the faint creaking of a very distant portcullis.
A centaur warrior comes into view.
The centaur warrior shouts!
The centaur warrior wields a +0 shortbow.
The centaur warrior shoots an arrow.
The arrow hits you!
A two-headed ogre comes into view.
It is wielding a +0 giant club and a +0 giant spiked club.
The two-headed ogre shouts in stereo!
The centaur warrior shoots an arrow.
The arrow hits you!!
The centaur warrior shoots an arrow.
The arrow hits you!!
* * * LOW HITPOINT WARNING * * *
The centaur warrior shoots an arrow.
The arrow hits you!
* * * LOW HITPOINT WARNING * * *
The centaur warrior unwields a +0 shortbow.
The centaur warrior barely misses you.
The centaur warrior kicks you but does no damage.
The centaur warrior hits you.
* * * LOW HITPOINT WARNING * * *
The centaur warrior misses you.
The two-headed ogre hits you with a +0 giant club.
* * * LOW HITPOINT WARNING * * *
The two-headed ogre hits you with a +0 giant spiked club!!
You die...

,, , *, , , , * * *
, , ,.. , , , *
#.### * * * , ,,
#.##.##, * * *
*#.##... # **
####.##..# ** ,,
#., * ##...##O.# ,
*
##'########...##@c#
, ,
#.....(......##..##
,
#...........##..##
,
+..........##..##,,
, * , *
#.............## *
* ,
#.[..........##, **
, , **, ,
#.............# *,
, #..........#.#.#
* * ,*
#(.........#.##.# ,
*


You could see a centaur warrior and a two-headed ogre.

Vanquished Creatures
  Pikel (D:6)
  Prince Ribbit (D:6)
  A shadow (D:10)
  A steam dragon (D:7)
  Eustachio (D:5)
  An ogre (D:6)
  An ice beast (D:6)
  A black bear (D:5)
  A centaur (D:6)
  2 lemures (D:6)
  A phantom (D:5)
  A kobold brigand (D:6)
  2 scorpions
  A killer bee (D:7)
  A howler monkey (D:5)
  4 hounds
  2 orc priests
  A sleepcap (D:5)
  5 iguanas
  Natasha (D:2)
  3 orc wizards
  Robin (D:3)
  3 gnolls (D:4)
  10 adders
  A shadow imp (D:6)
  A worm (D:2)
  2 dart slugs (D:1)
  19 orcs
  5 ball pythons
  8 endoplasms
  2 giant cockroaches (D:1)
  11 hobgoblins
  10 jackals
  4 quokkas
  3 bats
  2 frilled lizards
  11 goblins
  12 kobolds
  4 rats
142 creatures vanquished.

Vanquished Creatures (others)
  3 foxfires
3 creatures vanquished.

Grand Total: 145 creatures vanquished

Notes
Turn   | Place    | Note
-------+----------+-------------------------------------------
     0 | D:1      | DoomSlayer the Meteoran Fighter began the quest for the
                  | Orb.
     0 | D:1      | Reached XP level 1. HP: 19/19 MP: 2/2
    34 | D:1      | Reached XP level 2. HP: 19/26 MP: 3/3
   178 | D:1      | Reached XP level 3. HP: 31/31 MP: 4/4
   472 | D:1      | Glimpsed the power of Zot.
   474 | D:1      | Reached skill level 1 in Spellcasting
   621 | D:2      | Reached skill level 1 in Dodging
   699 | D:2      | Reached XP level 4. HP: 37/38 MP: 6/6
   703 | D:2      | Reached skill level 3 in Axes
   709 | D:2      | Learned a level 1 spell: Foxfire
   712 | D:2      | Learned a level 2 spell: Wereblood
   967 | D:2      | Noticed Natasha
   976 | D:2      | Killed Natasha
   977 | D:2      | Reached XP level 5. HP: 36/46 MP: 7/7
  1046 | D:2      | Glimpsed the power of Zot.
  1095 | D:2      | Glimpsed the power of Zot.
  1135 | D:2      | Glimpsed the power of Zot.
  1151 | D:3      | Noticed Robin
  1170 | D:3      | Killed Robin
  1424 | D:3      | Reached XP level 6. HP: 52/52 MP: 9/9
  1624 | D:3      | Glimpsed the power of Zot.
  1672 | D:3      | Glimpsed the power of Zot.
  1678 | D:3      | Learned a level 4 spell: Animate Dead
  1731 | D:4      | Found a staircase to the Ecumenical Temple.
  1740 | D:4      | Reached skill level 1 in Conjurations
  1759 | D:4      | Reached skill level 1 in Stealth
  1765 | D:4      | Reached skill level 4 in Axes
  1765 | D:4      | Reached skill level 1 in Fire Magic
  1779 | Temple   | Entered the Ecumenical Temple
  2143 | D:4      | Identified 2 scrolls of acquirement
  2144 | D:4      | Acquired the ring of Midnight {rPois rC+ MP-9 Dex+7 SInv}
  2147 | D:4      | Acquired the +9 executioner's axe "Kabasm" {drain, rPois
                  | Int+2}
  2256 | D:4      | Reached skill level 1 in Throwing
  2433 | D:4      | Reached skill level 1 in Transmutations
  2433 | D:4      | Reached XP level 7. HP: 56/58 MP: 1/10
  2541 | D:4      | Glimpsed the power of Zot.
  2580 | D:5      | Entered Level 5 of the Dungeon
  2660 | D:5      | Reached skill level 1 in Evocations
  2738 | D:5      | Noticed Eustachio
  2762 | D:5      | Killed Eustachio
  2763 | D:5      | Reached skill level 5 in Axes
  2763 | D:5      | Reached skill level 1 in Necromancy
  2763 | D:5      | Reached XP level 8. HP: 49/66 MP: 3/12
  2851 | D:5      | Identified the +9 hand axe of the Big Fish {freeze, rElec
                  | Will+ rCorr}
  2908 | D:5      | Reached skill level 5 in Armour
  2935 | D:5      | Found a white marble altar of Elyvilon.
  2991 | D:5      | Reached skill level 6 in Axes
  3084 | D:5      | Glimpsed the power of Zot.
  3123 | D:6      | Noticed Pikel
  3133 | D:6      | Killed Pikel
  3134 | D:6      | Reached skill level 5 in Shields
  3134 | D:6      | Gained mutation: You passively map the area around you.
                  | [Meteoran growth]
  3134 | D:6      | Reached XP level 9. HP: 42/73 MP: 3/14
  3167 | D:6      | Found a sacrificial altar of Ru.
  3168 | D:6      | Noticed Prince Ribbit
  3175 | D:6      | Reached skill level 7 in Axes
  3176 | D:6      | Killed Prince Ribbit
  3177 | D:6      | Reached skill level 5 in Fighting
  3225 | D:6      | Became a worshipper of Ru the Awakened
  3643 | D:7      | Found a radiant altar of Vehumet.
  3666 | D:7      | Found a runed translucent gate.
  3666 | D:7      | Found a runed translucent gate.
  3666 | D:7      | Found a runed translucent gate.
  3668 | D:7      | Noticed Tankapatomus's ghost (novice MiFi)
  3696 | D:7      | Found a shimmering altar of Xom.
  3697 | D:7      | You fall into a shaft and drop 3 floors!
  3697 | D:10     | Entered Level 10 of the Dungeon
  3734 | D:10     | Reached XP level 10. HP: 74/81 MP: 5/16
  3746 | D:10     | Noticed a centaur warrior
  3747 | D:10     | Noticed a two-headed ogre
  3752 | D:10     | Demolished by a two-headed ogre

Illustrated notes

Levels and vault maps discovered:
D:1:      lightli_arrival_noodles, layout_rooms, roderic_malta_cross,
          hangedman_abyss_or_decor_stabs, chequers_serial_rivers_small_3,
          minmay_misc_feat_alley
D:2:      minmay_general_purpose_star, layout_loops_ring, uniq_natasha
D:3:      layout_rooms, uniq_robin
D:4:      layout_loops_cross, minmay_temple_entry_statues_fountains,
          bh_walls_and_bars
D:5:      kb_forest_paths, layout_basic, nicolae_overflow_crystal_walls,
          nicolae_elyvilon_peaceful_grove, chequers_serial_rivers_large_a,
          minmay_misc_feat_five, uniq_eustachio
D:6:      layout_basic, mainiacjoe_overflow_chevrons, uniq_pikel,
          uniq_prince_ribbit1
D:7:      layout_basic, fiery_altar_vehumet, xom_confusion_cloud,
          ebering_ghost_rock_garden, minmay_misc_feat_rows, nicolae_titane
D:10:     layout_roguey, kiku_gazebo_pond_becter,
          nicolae_overflow_hidden_temple, enter_bailey_2, minmay_diamond_spiral
Temple:   grunt_temple_mini_profane

Skill      XL: |  1  2  3  4  5  6  7  8  9 |
---------------+----------------------------+-----
Armour         | 4 5 |  5.6
Spellcasting   | 1 2 3 |  3.3
Dodging        | 1 2 3 |  3.5
Axes           | 3 4 5 6 7 |  7.9
Shields        | 4 5 |  5.3
Conjurations   | 1 2 3 |  3.3
Stealth        | 1 2 |  2.5
Fire Magic     | 1 2 |  2.8
Throwing       | 1 2 3 |  3.1
Transmutations | 1 2 |  2.8
Evocations     | 1 2 |  2.8
Fighting       | 4 5 |  5.3
Necromancy     | 1 2 |  2.5

Action                     |  1- 3 |  4- 6 |  7- 9 | 10-12 || total
---------------------------+-------+-------+-------+-------++-------
  Melee: War axe           |    89 |   135 |       |       ||   224
         Executioner's axe |       |     9 |   120 |       ||   129
  Throw: Throwing net      |       |       |     2 |       ||     2
         Dart              |       |       |     5 |       ||     5
   Cast: Foxfire           |       |       |     2 |       ||     2
    Use: Scroll            |     2 |     3 |     5 |       ||    10
         Potion            |       |       |     3 |       ||     3
   Stab: Sleeping          |       |       |     1 |       ||     1
         Held in net/web   |       |       |     1 |       ||     1
 Armour: Scale mail        |    47 |   110 |    68 |     1 ||   226
  Dodge: Dodged            |    53 |    82 |    76 |     2 ||   213
  Block: Buckler           |    25 |    44 |       |       ||    69
